Map: Dusk Towers

Players

Miszu

  • Race: Terran Terran
  • League: Master

TMN - Winner!

  • Race: Protoss Protoss

VOD

Have the link to the VOD?

Description

Time

  • Played on: June 18, 2016, 1:06 p.m.
  • Length: 18:44
Show
View Real Time Build Order
Export as new Build Order

Miszu Terran 

Build Orders: Reaper Expand 

Get SALT Encoding   

  12  0:06  SCV  
  13  0:14  Supply Depot  
  13  0:18  SCV  
  14  0:30  SCV  
  15  0:37  Barracks  
  15  0:41  Refinery  
  15  0:45  SCV  
  16  0:57  SCV  
  17  1:09  SCV  
  18  1:25  Orbital Command  
  18  1:26  Reaper  
  19  1:39  Command Center  
  19  1:48  Supply Depot  
  19  1:50  SCV  
  20  1:57  Marine  
  21  2:02  SCV  
  22  2:08  Factory  
  22  2:15  SCV  
  23  2:16  Refinery  
  23  2:19  Barracks Reactor  
  23  2:27  SCV  
  24  2:40  SCV  
  24  2:51  Orbital Command  
  24  2:52  SCV  
  24  2:53  Factory Tech Lab  
  25  2:59  Marine x2  
  25  3:04  SCV  
  28  3:08  Factory  
  28  3:16  SCV  
  28  3:18  Cyclone  
  28  3:19  Engineering Bay  
  35  3:21  Marine x2  
  35  3:23  SCV  
  36  3:29  SCV  
  36  3:32  Supply Depot  
  37  3:35  SCV  
  37  3:40  Marine x2  
  36  3:50  Cyclone  
  39  4:00  SCV  
  40  4:06  Hellion x2  
  40  4:08  SCV  
  45  4:10  Missile Turret  
  45  4:13  Supply Depot  
  45  4:15  SCV  
  46  4:20  SCV  
  47  4:26  Cyclone  
  47  4:28  SCV  
  52  4:32  SCV  
  52  4:37  Hellion x2  
  57  4:47  SCV  
  57  4:49  Factory  
  58  4:58  Hellion  
  61  5:00  Supply Depot  
  61  5:02  Hellion  
  61  5:03  Supply Depot  
  62  5:09  Armory  
  62  5:22  Cyclone, SCV x2  
  62  5:24  Supply Depot  
  62  5:26  Hellion  
  62  5:27  Hellion  
  72  5:31  Supply Depot  
  72  5:34  SCV x2  
  74  5:37  Supply Depot, Factory Tech Lab  
  72  5:54  Hellion x2  
  72  5:55  Cyclone  
  80  5:57  Hellion  
  80  5:59  Terran Vehicle Weapons Level 1  
  80  6:00  SCV x2  
  82  6:05  Barracks Reactor  
  82  6:06  Supply Depot  
  82  6:12  Command Center  
  72  6:26  Cyclone  
  72  6:31  Hellion x2  
  68  6:33  Missile Turret  
  68  6:34  Refinery x2  
  72  6:40  SCV  
  72  6:41  SCV  
  74  6:48  Missile Turret  
  74  6:52  SCV  
  74  6:53  Hellion x2, SCV  
  74  7:05  Thor  
  72  7:09  Hellion  
  72  7:14  Hellion x2  
  72  7:15  Supply Depot, SCV x2  
  80  7:27  SCV  
  80  7:29  Command Center  
  81  7:30  Thor  
  81  7:35  Hellion  
  81  7:36  Hellion  
  91  7:37  Supply Depot  
  91  7:41  SCV  
  91  7:42  SCV  
  93  7:50  Factory  
  93  7:52  Factory  
  93  8:04  Hellion x2  
  93  8:05  SCV x2  
  105  8:07  Hellion, Terran Vehicle Weapons Level 2  
  105  8:11  Supply Depot  
  105  8:12  Supply Depot  
  101  8:17  SCV  
  101  8:19  SCV  
  103  8:21  Thor  
  104  8:36  Widow Mine x2  
  104  8:37  Factory Tech Lab  
  104  8:39  Missile Turret  
  108  8:43  Orbital Command  
  108  8:44  SCV  
  109  8:53  SCV, Missile Turret  
  109  8:55  Refinery  
  110  8:56  SCV  
  110  8:59  Refinery  
  111  9:04  Missile Turret  
  111  9:05  Orbital Command  
  111  9:06  Widow Mine  
  111  9:07  Widow Mine x2  
  111  9:09  Drilling Claws  
  117  9:18  Thor  
  123  9:30  Widow Mine x3  
  129  9:35  Widow Mine  
  131  9:40  SCV x2  
  131  9:41  Supply Depot  
  131  9:42  SCV  
  134  9:50  Widow Mine  
  134  9:51  Widow Mine  
  138  9:58  Widow Mine  
  138  9:59  Cyclone  
  144  10:02  Command Center  
  144  10:10  Thor  
  134  10:26  Thor  
  134  10:31  Thor  
  134  10:35  Widow Mine x2  
  140  10:36  Widow Mine  
  146  10:51  SCV x3  
  146  10:52  Supply Depot x2  
  146  10:53  Supply Depot, Terran Vehicle Weapons Level 3, Thor  
  155  10:59  Widow Mine  
  155  11:04  Widow Mine x3  
  157  11:10  SCV  
  164  11:12  SCV x2  
  164  11:13  Widow Mine  
  168  11:21  Thor  
  168  11:22  SCV  
  168  11:24  SCV  
  176  11:38  Thor  
  182  11:41  Widow Mine x5  
  192  11:53  Factory  
  192  11:55  Factory  
  192  11:56  Refinery  
  192  11:58  Refinery  
  192  12:08  Widow Mine  
  178  12:36  Widow Mine, Thor  
  162  12:37  Widow Mine x5  
  113  13:02  Factory Tech Lab  
  113  13:03  Factory Reactor  
  108  13:06  Thor x2  
  108  13:07  SCV x3  
  118  13:18  Missile Turret  
  118  13:19  SCV x3, Thor  
  127  13:26  Widow Mine x4  
  131  13:31  SCV x3  
  136  13:34  Factory Tech Lab, Thor  
  136  13:39  Terran Vehicle And Ship Armor Level 1  
  142  13:43  SCV x3  
  145  13:51  Thor  
  145  13:53  Thor  
  157  13:55  SCV x2  
  157  13:56  SCV  
  157  14:02  Orbital Command  
  160  14:05  Thor  
  160  14:07  SCV  
  160  14:08  SCV x2  
  169  14:14  Thor  
  175  14:38  Thor  
  181  14:40  Refinery  
  181  14:43  Missile Turret  
  181  14:44  Missile Turret  
  181  14:45  Refinery  
  180  14:46  Missile Turret  
  180  14:51  Thor x2  
  192  14:52  Orbital Command  
  192  15:00  Thor  
  198  15:15  Command Center  
  198  15:39  Factory  
  198  15:40  Factory  
  198  15:47  Widow Mine  
  200  16:04  Command Center  
  200  16:30  Armory  
  200  16:31  Armory  
  198  16:36  Factory Tech Lab x2  
  198  16:40  Factory  
  198  16:42  Factory  
  120  17:46  Thor  
  114  17:51  Thor  
  114  17:52  Widow Mine  
  114  17:53  Widow Mine  
  114  17:57  Factory Tech Lab  
  114  17:58  Starport  
  104  18:00  Supply Depot x4  
  104  18:01  Supply Depot, Factory Tech Lab  
  104  18:03  Supply Depot  
  102  18:13  Starport  
  102  18:19  Barracks  
  102  18:25  Refinery  
  102  18:26  Refinery  
Show
View Real Time Build Order
Export as new Build Order

TMN Protoss - Winner!

Build Orders: Oracle Opening 

Get SALT Encoding   

  12  0:01  Probe (Chrono Boost)  
  13  0:11  Probe (Chrono Boost)  
  14  0:18  Pylon  
  14  0:22  Probe (Chrono Boost)  
  15  0:36  Probe (Chrono Boost)  
  15  0:39  Gateway  
  16  0:46  Probe (Chrono Boost)  
  16  0:48  Assimilator  
  17  0:53  Assimilator  
  17  0:57  Probe (Chrono Boost)  
  18  1:06  Pylon  
  18  1:08  Probe (Chrono Boost)  
  20  1:18  Probe (Chrono Boost)  
  20  1:26  Cybernetics Core  
  20  1:29  Probe (Chrono Boost)  
  21  1:41  Probe (Chrono Boost)  
  22  1:49  Pylon  
  22  1:52  Probe (Chrono Boost)  
  23  2:04  Mothership Core (Chrono Boost)  
  23  2:08  Stargate  
  25  2:10  Adept  
  27  2:19  Warp Gate  
  27  2:22  Probe (Chrono Boost)  
  28  2:45  Nexus  
  28  2:54  Oracle (Chrono Boost)  
  31  3:02  Probe  
  32  3:10  Pylon  
  32  3:17  Probe  
  33  3:26  Oracle (Chrono Boost)  
  36  3:55  Probe  
  37  3:58  Assimilator  
  37  4:02  Assimilator  
  34  4:06  Pylon  
  34  4:07  Probe x2 (Chrono Boost)  
  36  4:12  Forge  
  36  4:19  Probe x2 (Chrono Boost)  
  36  4:24  Stargate  
  38  4:26  Stargate  
  38  4:30  Phoenix, Probe x2 (Chrono Boost)  
  42  4:40  Probe x2 (Chrono Boost)  
  44  4:51  Probe x2 (Chrono Boost)  
  46  5:01  Probe x2 (Chrono Boost)  
  48  5:08  Phoenix  
  48  5:09  Phoenix  
  48  5:12  Probe x2 (Chrono Boost)  
  54  5:17  Phoenix  
  56  5:22  Probe x2 (Chrono Boost)  
  56  5:27  Pylon  
  58  5:33  Phoenix, Probe (Chrono Boost)  
  61  5:40  Pylon  
  49  5:42  Phoenix  
  60  5:56  Phoenix  
  62  5:58  Phoenix, Probe (Chrono Boost)  
  65  6:07  Adept, Phoenix  
  69  6:11  Probe (Chrono Boost)  
  70  6:43  Fleet Beacon  
  70  6:45  Nexus, Probe x2 (Chrono Boost)  
  72  6:47  Pylon, Photon Cannon  
  72  6:48  Pylon  
  72  6:56  Probe (Chrono Boost)  
  73  7:06  Probe (Chrono Boost)  
  73  7:07  Assimilator  
  75  7:08  Probe (Chrono Boost)  
  75  7:12  Assimilator  
  75  7:14  Pylon  
  75  7:17  Probe (Chrono Boost), Photon Cannon  
  75  7:19  Probe (Chrono Boost)  
  77  7:28  Probe (Chrono Boost)  
  78  7:30  Stargate  
  78  7:32  Pylon  
  78  7:38  Pylon  
  78  7:39  Carrier  
  85  7:44  Phoenix, Probe (Chrono Boost)  
  85  7:45  Stargate  
  85  7:46  Probe (Chrono Boost)  
  88  7:54  Probe (Chrono Boost)  
  88  7:57  Probe (Chrono Boost)  
  88  7:58  Carrier  
  90  8:05  Probe (Chrono Boost)  
  97  8:07  Probe (Chrono Boost)  
  97  8:11  Carrier  
  104  8:13  Probe (Chrono Boost)  
  104  8:16  Probe (Chrono Boost)  
  104  8:18  Probe (Chrono Boost)  
  111  8:34  Tempest x2  
  111  8:38  Pylon  
  111  8:40  Pylon  
  113  8:48  Probe (Chrono Boost)  
  114  8:52  Photon Cannon  
  114  8:54  Photon Cannon  
  114  8:55  Gateway  
  114  8:56  Photon Cannon  
  114  8:57  Protoss Air Weapons Level 1  
  114  9:08  Tempest  
  118  9:17  Gateway  
  124  9:19  Pylon  
  124  9:26  Graviton Catapult  
  124  9:35  Carrier  
  130  9:44  Tempest  
  134  9:54  Tempest  
  138  10:10  Tempest  
  142  10:23  Tempest  
  142  10:41  Carrier  
  148  10:56  Tempest  
  152  11:00  Cybernetics Core  
  149  11:20  Carrier x2  
  149  11:24  Nexus  
  161  11:25  Pylon  
  161  11:26  Assimilator  
  161  11:28  Pylon  
  161  11:29  Pylon  
  161  11:32  Assimilator  
  159  11:44  Robotics Facility  
  159  11:45  Protoss Air Armor Level 1 (Chrono Boost), Protoss Air Weapons Level 2 (Chrono Boost)  
  159  11:50  Photon Cannon x2  
  159  11:53  Photon Cannon x2  
  159  11:54  Photon Cannon  
  159  11:57  Photon Cannon  
  159  11:59  Photon Cannon  
  159  12:01  Carrier  
  159  12:07  Protoss Shields Level 1  
  158  12:58  Probe  
  148  12:59  Probe x2  
  148  13:01  Observer  
  150  13:08  Mothership Core  
  148  13:13  Tempest x2  
  156  13:29  Probe  
  156  13:30  Probe  
  156  13:31  Probe x2  
  160  13:40  Probe  
  160  13:41  Probe  
  160  13:43  Probe x2  
  164  13:50  Probe  
  164  13:51  Probe  
  164  13:55  Probe x2  
  168  14:01  Probe  
  168  14:02  Probe  
  174  14:07  Probe x2  
  178  14:11  Probe  
  178  14:12  Probe  
  180  14:19  Probe x2  
  180  14:20  Nexus  
  180  14:23  Pylon  
  182  14:26  Assimilator  
  182  14:27  Pylon x2, Assimilator  
  182  14:37  Twilight Council  
  182  14:38  Gateway  
  182  14:41  Gateway  
  182  14:44  Gateway  
  180  14:50  Oracle x2  
  180  14:51  Oracle  
  189  14:53  Protoss Air Armor Level 2 (Chrono Boost)  
  189  15:04  Protoss Air Weapons Level 3 (Chrono Boost)  
  185  15:17  Charge, Templar Archives  
  185  15:25  Photon Cannon  
  185  15:28  Photon Cannon x2  
  185  15:29  Protoss Shields Level 2 (Chrono Boost), Photon Cannon  
  185  15:30  Photon Cannon  
  185  15:32  Photon Cannon  
  185  15:33  Photon Cannon  
  185  15:36  Photon Cannon  
  185  15:37  Photon Cannon  
  185  15:40  Pylon x2  
  185  15:41  Stargate  
  185  15:44  Stargate  
  185  15:45  Pylon  
  185  15:48  Pylon  
  185  15:52  Stargate  
  185  15:53  Psionic Storm  
  185  15:58  High Templar x2  
  189  16:05  Nexus  
  189  16:06  Pylon  
  189  16:14  Assimilator  
  189  16:19  Assimilator  
  189  16:21  Pylon  
  198  16:34  High Templar x6  
  173  17:35  Archon  
  153  17:37  Tempest x2  
  153  17:38  Tempest x2  
  157  17:50  Nexus  
  153  17:58  Probe  
  154  18:10  Nexus  
Tags
 
Add a new tag
Caveats
  • Supply blocks, unpowered buildings, or Contaminate may cause inaccurate times.
  • Supply counts are checked every 10 seconds.